 Dungeon Crawl Stone Soup version 0.27.1-33-g824d729ab1 (webtiles) character file.

Game seed: 5159447867491542552

303 potato4science the Conjurer (level 6, -1/34 HPs)
             Began as a Deep Elf Conjurer on Dec 18, 2021.
             Slain by a hound skeleton (2 damage)
             ... on level 5 of the Dungeon.
             The game lasted 00:32:06 (4243 turns).

potato4science the Conjurer (Deep Elf Conjurer)     Turns: 4243, Time: 00:32:06

Health: -1/34      AC:  7    Str:  6    XL:     6   Next: 15%
Magic:  8/14       EV: 12    Int: 23    God:
Gold:   147        SH:  8    Dex: 19    Spells: 10/13 levels left

rFire    . . .     SeeInvis .   u - +5 flail (flame)
rCold    . . .     Faith    .   t - +3 buckler
rNeg     . . .     Spirit   .   k - +0 leather armour
rPois    .         Reflect  .   r - +0 helmet
rElec    .         Harm     .   (no cloak)
rCorr    .         Rampage  .   (no gloves)
Will     .....                  c - +2 pair of boots
Stlth    ++........             g - amulet of magic regeneration
HPRegen  0.11/turn              e - +6 ring of dexterity
MPRegen  0.39/turn              (no ring)

@: no status effects
A: no striking features
a: no special abilities


You were on level 5 of the Dungeon.
You visited 1 branch of the dungeon, and saw 5 of its levels.

You collected 147 gold pieces.

Inventory:

Hand Weapons
 n - a +0 whip of freezing
 u - a +5 flail of flaming (weapon)
Missiles
 m - 12 arrows
Armour
 c - a +2 pair of boots (worn)
 k - a +0 leather armour (worn)
 o - a +0 kite shield
 r - a +0 helmet (worn)
 t - a +3 buckler (worn)
Jewellery
 e - a +6 ring of dexterity (left hand)
 g - an amulet of magic regeneration (around neck)
Scrolls
 a - a scroll of identify
 l - a scroll of teleportation
 p - a scroll of fog {unknown}
 q - a scroll of blinking {unknown}
 s - 2 scrolls of enchant armour
Potions
 b - a potion of heal wounds {unknown}
 d - a potion of attraction {unknown}
 f - 2 potions of brilliance {unknown}
 h - 3 potions of curing
 i - a potion of cancellation {unknown}


   Skills:
 - Level 1.0 Fighting
 - Level 1.0 Armour
 - Level 3.0 Dodging
 - Level 3.0 Stealth
 + Level 3.6 Shields
 - Level 4.0 Spellcasting
 - Level 5.0 Conjurations


You had 10 spell levels left.
You knew the following spells:

 Your Spells              Type           Power      Damage    Failure   Level
a - Magic Dart            Conj           100%       1d8       2%          1
b - Searing Ray           Conj           54%        3d5       3%          2

Your spell library contained the following spells:

 Spells                   Type           Power      Damage    Failure   Level
 Dazzling Flash           Conj/Hex       32%        N/A       19%         3
 Fulminant Prism          Conj/Hex       8%         3d7       52%         4
 Iskenderun's Mystic Bla  Conj/Tloc      16%        2d5       52%         4
 Summon Ice Beast         Ice/Summ       4%         N/A       86%         4
 Freezing Cloud           Conj/Ice/Air   6%         6-21      94%         5
 Summon Mana Viper        Hex/Summ       4%         N/A       99%         5
 Simulacrum               Ice/Necr       2%         N/A       100%        6
 Monstrous Menagerie      Summ           2%         N/A       100%        7
 Polar Vortex             Ice            2%         N/A       100%        9


Dungeon Overview and Level Annotations

Branches:
Dungeon (5/15)
 Temple: D:4-7

Altars:
Zin

Annotations:
D:3 ogre


Message History

The magic dart hits the acid dragon but does no damage.
The acid dragon is lightly wounded.
Casting: Magic Dart (safe; 2% risk of failure)
Confirm with . or Enter, or press ? or * to list all spells.
Aiming: Searing Ray (safe; 3% risk of failure)
Press: ? - help, Shift-Dir - straight line, f/p - acid dragon
Aim: an acid dragon (lightly wounded, catching its breath, 79% to hit)
The searing ray hits the acid dragon!
The acid dragon is heavily wounded.
The searing ray hits the hound skeleton!
The hound skeleton is moderately damaged. (Press . to maintain the ray.)
The searing ray hits the acid dragon.
The acid dragon is heavily wounded.
The searing ray hits the hound skeleton!
The hound skeleton is almost destroyed.
The searing ray hits the acid dragon.
The acid dragon is severely wounded.
The acid dragon bites you!
The acid dragon claws you but does no damage.
The hound skeleton bites you but does no damage.
The searing ray hits the acid dragon.
The acid dragon is severely wounded.
You finish channeling your searing ray.
The acid dragon barely misses you.
The acid dragon claws you but does no damage.
The hound skeleton bites you.
The hound skeleton bites you but does no damage.
The acid dragon spits acid at you. The splash of acid hits you.
You are splashed with acid!
* * * LOW HITPOINT WARNING * * *
You hear a bark!
The hound skeleton bites you but does no damage.
The acid dragon bites you!
* * * LOW HITPOINT WARNING * * *
The acid dragon barely misses you. The hound skeleton barely misses you.
The acid dragon closely misses you.
The acid dragon claws you but does no damage.
You block the hound skeleton's attack. The hound skeleton bites you.
You die...

$...# #...##
#<...#
#...##
##....#
#.....#####
##...##...##
#....'....#
#...##@...#
######DZ..#
#....#
#....# #####
.....#
##...#
....#.
+....#
....+..
#....#
.....# ..
#.<..#


You could see an acid dragon (catching breath) and a hound skeleton.

Vanquished Creatures
  A howler monkey (D:4)
  A hound (D:4)
  A centaur skeleton (D:4)
  2 iguanas (D:4)
  2 orc wizards (D:4)
  5 adders
  3 dart slugs
  2 orcs
  4 endoplasms
  6 giant cockroaches
  5 goblins
  4 hobgoblins
  4 quokkas
  7 ball pythons
  6 bats
  6 frilled lizards
  3 kobolds
  3 rats (D:1)
65 creatures vanquished.

Notes
Turn   | Place    | Note
-------+----------+-------------------------------------------
     0 | D:1      | potato4science the Deep Elf Conjurer began the quest for
                  | the Orb.
     0 | D:1      | Reached XP level 1. HP: 10/10 MP: 6/6
    55 | D:1      | Found a faded altar of an unknown god.
   112 | D:1      | Reached skill level 1 in Fighting
   312 | D:1      | Reached XP level 2. HP: 16/16 MP: 6/8
   491 | D:1      | Reached skill level 1 in Armour
   883 | D:1      | Learned a level 2 spell: Searing Ray
  1237 | D:2      | Reached XP level 3. HP: 20/20 MP: 2/9
  1702 | D:2      | Reached skill level 5 in Conjurations
  1850 | D:3      | Reached XP level 4. HP: 25/25 MP: 2/11
  2469 | D:3      | Noticed an ogre
  2938 | D:4      | Reached skill level 1 in Shields
  2943 | D:4      | Reached XP level 5. HP: 13/29 MP: 4/13
  3303 | D:4      | Found a glowing silver altar of Zin.
  3829 | D:4      | Reached XP level 6. HP: 34/34 MP: 9/14
  4121 | D:5      | Entered Level 5 of the Dungeon
  4166 | D:5      | Noticed a sky beast
  4229 | D:5      | Noticed an acid dragon
  4241 | D:5      | HP: 1/34 [acid dragon (8)]
  4243 | D:5      | Slain by a hound skeleton

Illustrated notes

Levels and vault maps discovered:
D:1:      wander_arrival_lonely_grave, layout_basic,
          ebering_ecumenical_altar_petrified
D:2:      layout_basic, chequers_serial_rivers_micro_b
D:3:      layout_loops_ring
D:4:      layout_loops_ring, mainiacjoe_overflow_six_doors_small
D:5:      layout_gridville, nicolae_dithmenos_shadow_blocks,
          grunt_temple_overflow_open, serial_park_tiny_2

Skill      XL: |  1  2  3  4  5 |
---------------+----------------+-----
Fighting       | 1 |  1.0
Armour         | 1 |  1.0
Stealth        | 3 |  3.0
Dodging        | 3 |  3.0
Conjurations   | 5 |  5.0
Spellcasting   | 4 |  4.0
Shields        | 1 3 |  3.6

Action                   |  1- 3 |  4- 6 || total
-------------------------+-------+-------++-------
Melee: Dagger            |     1 |       ||     1
 Cast: Magic Dart        |    67 |    37 ||   104
       Searing Ray       |     1 |    18 ||    19
  Use: Scroll            |       |     7 ||     7
 Stab: Sleeping          |     1 |       ||     1
Armor: Robe              |     1 |       ||     1
       Leather armour    |       |     6 ||     6
Dodge: Dodged            |     2 |    10 ||    12
Block: Buckler           |       |     6 ||     6
